 Dungeon Crawl Stone Soup version 0.25-a0-558-g78a2afb0af (webtiles) character file.

Game seed: 2564056677898312365, levelgen mode: deterministic

47 Emblim88 the Ducker (level 3, 0/19 HPs)
             Began as a Spriggan Abyssal Knight on Feb 24, 2020.
             Was a Believer of Lugonu.
             Succumbed to a scorpion's poison
             ... on level 2 of the Dungeon.
             The game lasted 00:03:23 (1390 turns).

Emblim88 the Ducker (Spriggan Abyssal Knight)       Turns: 1390, Time: 00:03:24

Health: 0/19       AC:  2    Str:  9    XL:     3   Next: 48%
Magic:  4/5        EV: 19    Int: 13    God:    Lugonu [**....]
Gold:   51         SH:  0    Dex: 15    Spells: 2/2 levels left

rFire    . . .     SeeInvis +   a - +1 falchion
rCold    . . .     Gourm    .   (shield restricted)
rNeg     . . .     Faith    .   b - +0 robe
rPois    .         Spirit   .   (helmet restricted)
rElec    .         Reflect  .   (no cloak)
rCorr    .         Harm     .   (gloves unavailable)
MR       .....                  (boots unavailable)
Stlth    +.........             (no amulet)
HPRegen  0.06/turn              (no ring)
MPRegen  0.09/turn              (no ring)

@: lethally poisoned (0 -> -11), very quick
A: very small, unfitting armour, see invisible, herbivore, speed 3, slow
metabolism 2
a: Depart the Abyss, Bend Space, Renounce Religion


You were on level 2 of the Dungeon.
You worshipped Lugonu.
Lugonu was pleased with you.
You were not hungry.

You visited 1 branch of the dungeon, and saw 2 of its levels.
You visited the Abyss 1 time.

You collected 51 gold pieces.

Inventory:

Hand Weapons
 a - a +1 falchion (weapon)
Missiles
 f - 169 stones (quivered)
Armour
 b - a +0 robe (worn)
Scrolls
 d - a scroll of blinking {unknown}
 e - 2 scrolls of remove curse {unknown}
 g - a scroll of random uselessness {unknown}
 i - 2 scrolls of identify {unknown}
Potions
 h - a potion of lignification {unknown}
 j - a potion of cancellation {unknown}
Comestibles
 c - 2 rations


   Skills:
 + Level 2.6 Fighting
 * Level 2.1 Long Blades
 + Level 0.8 Throwing
 * Level 4.4 Dodging
 + Level 2.2 Invocations


You had 2 spell levels left.
You didn't know any spells.
Your spell library was empty.

Dungeon Overview and Level Annotations

Branches:
Dungeon (2/15)

Altars:


Innate Abilities, Weirdness & Mutations

You are very small and have problems with some larger weapons.
You are too small for most types of armour.
You have supernaturally acute eyesight. (SInv)
You are a herbivore.
You cover ground extremely quickly.
You need to consume almost no food.


Message History

Press: ? - help, Shift-Dir - straight line, f/p - scorpion
Aim: a scorpion (moderately wounded)
You throw a stone.
The stone hits the scorpion but does no damage.
The scorpion is moderately wounded.
You closely miss the scorpion.
The scorpion is moderately wounded.
The scorpion stings you.
* * * LOW HITPOINT WARNING * * *
The scorpion closely misses you.
You riposte.
You hit the scorpion.
The scorpion is moderately wounded.
You hit the scorpion.
The scorpion is heavily wounded.
The scorpion stings you.
* * * LOW HITPOINT WARNING * * *
You are lethally poisoned!
The scorpion poisons you!
You barely miss the scorpion.
The scorpion is heavily wounded.
You die...

.............#
.##......†..#
#.........#
#.(<......#
#.........#
#.........#
#..†..(...#
#......(..#
#.......s@#
###########


You could see a scorpion.

Vanquished Creatures
  A gnoll (D:1)
  An adder (D:1)
  An ooze (D:1)
  A dart slug (D:1)
  2 leopard geckos (D:1)
  2 giant cockroaches
  2 hobgoblins (D:1)
  3 kobolds (D:1)
  2 bats
  A frilled lizard (D:1)
  4 goblins (D:1)
  2 rats (D:1)
22 creatures vanquished.

Notes
Turn   | Place    | Note
-------+----------+-------------------------------------------
     0 | Abyss:1  | Emblim88 the Spriggan Abyssal Knight began the quest for
                  | the Orb.
     0 | Abyss:1  | Reached XP level 1. HP: 11/11 MP: 3/3
    94 | D:1      | Escaped the Abyss
   270 | D:1      | Reached XP level 2. HP: 10/16 MP: 4/4
   462 | D:1      | Reached skill level 4 in Dodging
   579 | D:1      | Reached XP level 3. HP: 11/19 MP: 5/5
  1133 | D:1      | Reached ** piety under Lugonu
  1334 | D:2      | Noticed a scorpion
  1390 | D:2      | Succumbed to a scorpion's poison

Levels and vault maps discovered:
D:1:      minmay_arrival_four_loops, layout_loops_corners, minmay_heptomino_l4
D:2:      layout_basic, uniq_sigmund, uniq_jessica

Skill      XL: |  1  2  3 |
---------------+----------+-----
Invocations    | 2 |  2.2
Dodging        | 4 |  4.4
Long Blades    | 2 |  2.1
Fighting       | |  2.6
Throwing       | |  0.8

Action                   || total
-------------------------++-------
Melee: Falchion          ||    74
Throw: Stone             ||    44
Invok: Bend Space        ||     1
Armor: Robe              ||     3
Dodge: Dodged            ||    78
       Rpst.: Falchion   ||    26

Table legend:
 A = Non-vault XP
 B = Vault XP
 C = Vault XP percentage of total XP
 D = Non-vault monster count
 E = Vault monster count
 F = Vault count percentage of total count
                 A         B        C        D         E       F
            +---------+---------+-------+---------+---------+-------
      Total |      60 |       8 |  11.8 |      18 |       4 |  18.2
            +---------+---------+-------+---------+---------+-------
        D:1 |      56 |       8 |  12.5 |      16 |       4 |  20.0
        D:2 |       4 |       0 |   0.0 |       2 |       0 |   0.0
            +---------+---------+-------+---------+---------+-------
